 Dungeon Crawl Stone Soup version 0.24.0-41-g2ae2f7f1be (webtiles) character file.

Game seed: 2111419075702970047, levelgen mode: deterministic

55 Delamore the Chopper (level 3, -10/31 HPs)
             Began as a Hill Orc Fighter on Dec 14, 2019.
             Mangled by Sigmund
             ... wielding a +2 vampiric scythe
              (11 damage)
             ... on level 2 of the Dungeon.
             The game lasted 00:00:56 (650 turns).

Delamore the Chopper (Hill Orc Fighter)              Turns: 650, Time: 00:00:57

Health: -10/31     AC: 10    Str: 26    XL:     3   Next: 93%
Magic:  3/3        EV:  7    Int: 13    God:
Gold:   76         SH:  0    Dex: 10    Spells: 2/2 levels left

rFire    . . .     SeeInvis .   a - +0 war axe
rCold    . . .     Gourm    .   c - +0 shield
rNeg     . . .     Faith    .   b - +0 scale mail
rPois    .         Spirit   .   i - +0 helmet
rElec    .         Reflect  .   (no cloak)
rCorr    .         Harm     .   (no gloves)
MR       .....                  (no boots)
Stlth    ..........             (no amulet)
HPRegen  0.10/turn              (no ring)
MPRegen  0.08/turn              (no ring)

@: confused, mighty, brilliant
A: yellow scales 1, high mp 1, strong 1
a: no special abilities


You were on level 2 of the Dungeon.
You were not hungry.

You visited 1 branch of the dungeon, and saw 2 of its levels.

You collected 76 gold pieces.

Inventory:

Hand Weapons
 a - a +0 war axe (weapon)
Armour
 b - a +0 scale mail (worn)
 c - a +0 shield (worn)
 i - a +0 helmet (worn)
Jewellery
 h - an uncursed ring of wizardry {unknown}
Scrolls
 g - a scroll of fog {unknown}
 j - a scroll of amnesia {unknown}
 k - a scroll of immolation {unknown}
 l - a scroll of fear {unknown}
 m - a scroll of remove curse {unknown}
Potions
 e - 2 potions of mutation
Comestibles
 f - 4 rations
 n - 3 chunks of flesh


   Skills:
 - Level 3.6 Fighting
 + Level 5.5 Axes
 - Level 3.2 Armour
 - Level 3.2 Shields


You had 2 spell levels left.
You didn't know any spells.
Your spell library was empty.

Dungeon Overview and Level Annotations

Branches:
Dungeon (2/15)

Altars:

Annotations:
D:2 Sigmund


Innate Abilities, Weirdness & Mutations

You are partially covered in yellow scales. (AC +2)
You have an increased reservoir of magic. (+10% MP)
Your muscles are strong. (Str +2)


Message History

Something hits you but does no damage.
You completely miss something. Something hits you!
* * * LOW HITPOINT WARNING * * *
You feel very mighty all of a sudden. Something hits you but does no damage.
You miss something. You closely miss something.
Something hits you but does no damage.
You miss something. Something hits you.
* * * LOW HITPOINT WARNING * * *
You miss something.
You hear some strange, mumbled words.
You are confused.
You closely miss something. Something hits you.
* * * LOW HITPOINT WARNING * * *
You're too confused!
You hear some strange, mumbled words.
A puff of flame appears from out of thin air!
The puff of flame misses you.
You completely miss something. Something hits you!
You die...

#############
#....)......## ##
+............# #.
#............# #.
############.# #. #.@.#
#.# #. #..{####.#####
#.
####...#........#####.
......!................
#.###...##.....#.##.#..
#...##..##.#.##.#..
#...##..##.#.##.#..
######..##.#.##.#..
#..#..#.##..<#


There were no monsters in sight!

Vanquished Creatures
  Jessica (D:2)
  An ooze (D:1)
  2 dart slugs (D:1)
  A ball python (D:1)
  A bat (D:1)
  2 goblins (D:1)
  3 hobgoblins (D:1)
  4 kobolds (D:1)
  5 frilled lizards
  2 rats (D:1)
22 creatures vanquished.

Notes
Turn   | Place    | Note
-------+----------+-------------------------------------------
     0 | D:1      | Delamore the Hill Orc Fighter began the quest for the Orb.
     0 | D:1      | Reached XP level 1. HP: 19/19 MP: 1/1
    77 | D:1      | Reached skill level 3 in Axes
    95 | D:1      | Reached XP level 2. HP: 20/26 MP: 2/2
   112 | D:1      | Reached skill level 4 in Axes
   370 | D:1      | Reached XP level 3. HP: 31/31 MP: 3/3
   573 | D:2      | Noticed Jessica
   574 | D:2      | Killed Jessica
   574 | D:2      | Reached skill level 5 in Axes
   621 | D:2      | Noticed Sigmund
   639 | D:2      | Gained mutation: Your muscles are strong. (Str +2) [potion
                  | of mutation]
   639 | D:2      | Gained mutation: You have an increased reservoir of magic.
                  | (+10% MP) [potion of mutation]
   639 | D:2      | Gained mutation: You are partially covered in yellow
                  | scales. (AC +2) [potion of mutation]
   648 | D:2      | HP: 1/31 [something (4)]
   650 | D:2      | Mangled by Sigmund

Levels and vault maps discovered:
D:1:      evilmike_arrival_rings, layout_rooms
D:2:      layout_basic, lemuel_blue_sif_altar, chequers_ecumenical_altar_grove,
          eino_tiny_chamber, makhleb_blood_cavern_becter, uniq_jessica,
          uniq_robin, uniq_sigmund

Skill      XL: |  1  2  3 |
---------------+----------+-----
Axes           | 3 4 5 |  5.5
Fighting       | |  3.6
Armour         | |  3.2
Shields        | |  3.2

Action                   || total
-------------------------++-------
Melee: War axe           ||    77
  Use: Potion            ||     4
Armor: Scale mail        ||    26
Dodge: Dodged            ||    24
Block: Shield            ||    34
